 Dungeon Crawl Stone Soup version 0.28-a0-622-gbaef9634d7 (webtiles) character file.

Game seed: 12188656175438254345

121 robertstho the Magician (level 5, 0/38 HPs)
             Began as a Djinni Fire Elementalist on Oct 7, 2021.
             Slain by an ogre (13 damage)
             ... on level 4 of the Dungeon.
             The game lasted 00:03:57 (4436 turns).

robertstho the Magician (Djinni Fire Elementalist)  Turns: 4436, Time: 00:03:58

Health: 0/38       AC:  6    Str:  7    XL:     5   Next: 26%
Gold:   136        EV: 11    Int: 18    God:
                   SH:  0    Dex: 13

rFire   + + .      SeeInvis .   i - +0 dagger (vamp)
rCold   . . .      Faith    .   (no shield)
rNeg    . . .      Spirit   .   h - +2 leather armour {rC+}
rPois   ∞          Reflect  .   (no helmet)
rElec   .          Harm     .   (no cloak)
rCorr   .          Rampage  .   d - +0 pair of gloves
Will    .....                   (boots unavailable)
Stlth   ++........              (no amulet)
HPRegen 0.12/turn               (no ring)
MPRegen 0.00/turn               (no ring)

@: flying
A: sickness immunity, fire resistance 2, cold vulnerability 1, float, innate
caster, hp casting, extra vitality 1
a: no special abilities


You were on level 4 of the Dungeon.
You visited 1 branch of the dungeon, and saw 4 of its levels.

You collected 136 gold pieces.

Inventory:

Hand Weapons
 i - a +0 vampiric dagger (weapon)
Armour
 a - a +0 robe
 d - a +0 pair of gloves (worn)
 h - a +2 leather armour of cold resistance (worn)
Scrolls
 b - 5 scrolls of teleportation {unknown}
 e - 2 scrolls of enchant weapon {unknown}
 f - a scroll of magic mapping {unknown}
Potions
 c - 3 potions of lignification {unknown}
 g - a potion of invisibility {unknown}
 j - 2 potions of attraction {unknown}
 k - 3 potions of brilliance {unknown}
 l - a potion of curing {unknown}
 m - a potion of haste {unknown}


   Skills:
 * Level 2.0 Fighting
 + Level 0.5 Short Blades
 * Level 1.3 Armour
 + Level 2.3 Dodging
 + Level 1.8 Stealth
 + Level 3.4 Spellcasting


You couldn't memorise any spells.
You knew the following spells:

 Your Spells              Type           Power      Damage    Failure   Level
a - Foxfire               Conj/Fire      60%        2x1d7     5%          1
b - Scorch                Fire           30%        2d7       9%          2
c - Conjure Flame         Conj/Fire      15%        6-21      16%         3
d - Inner Flame           Hex/Fire       15%        N/A       16%         3
e - Flame Wave            Conj/Fire      15%        3d5       47%         4
f - Summon Small Mammal   Summ           60%        N/A       5%          1
g - Slow                  Hex            15%        N/A       9%          2
Your spell library was empty.

Dungeon Overview and Level Annotations

Branches:
Dungeon (4/15)
 Temple: D:4-7

Altars:
Dithmenos
Makhleb


Innate Abilities, Weirdness & Mutations

You are immune to sickness and miasma.
You are immune to poison.
Your flesh is very heat resistant. (rF++)
You are vulnerable to cold. (rC-)
You float through the air rather than walking.
You learn spells naturally, not from books.
Your magical power is your life essence.
You have superior vitality. (+4 HP)


Message History

You miscast Scorch.
You are very lightly contaminated with residual magic.
Nothing appears to happen.
The endoplasm freezes you.
You are frozen.
Casting: Scorch (safe; 9% risk of failure)
Confirm with . or Enter, or press ? or * to list all spells.
Flames lash the endoplasm.
The endoplasm is burned terribly!
You kill the endoplasm!
Unknown command.
Your magical contamination has completely faded away.
You see here 13 stones.
You see here a +0 pair of boots.
You see here a frilled lizard skeleton.
There is a stone staircase leading up here.
Done exploring.
Done exploring.
Done exploring.
Done exploring.
Done exploring.
(D) Dungeon
Where to? (Enter - D:3, ? - help)
There is a stone staircase leading down here.
You fly downwards.
Found 14 gold pieces.
There is a stone staircase leading up here.
Unknown command.
A worm, a kobold and an ogre come into view.
Found a falchion.
Found a stone staircase leading up.
The kobold shouts!
The ogre shouts!
There are monsters nearby!
There are monsters nearby!
You hit the ogre but do no damage. You hit the ogre.
The ogre is lightly wounded.
The ogre hits you with a +0 giant spiked club!!
Ouch! That really hurt!
There is a stone staircase leading up here.
The ogre hits you with a +0 giant spiked club!
You die...

#######
......#
...... ####
....#
#@.##...#
#.O.#..)#
##..#...#+
###.....#
#............
#......8$....
#.....K......
#####....w###
+#...#!.


You could see an ogre and a worm.

Vanquished Creatures
  4 adders
  3 dart slugs
  4 orcs (D:2)
  5 endoplasms
  3 giant cockroaches
  7 goblins
  6 hobgoblins
  4 jackals (D:1)
  3 quokkas
  10 ball pythons
  7 bats
  2 frilled lizards
  6 kobolds
  6 rats
70 creatures vanquished.

Vanquished Creatures (collateral kills)
  A foxfire (D:3)
1 creature vanquished.

Vanquished Creatures (others)
  173 foxfires
173 creatures vanquished.

Grand Total: 244 creatures vanquished

Notes
Turn   | Place    | Note
-------+----------+-------------------------------------------
     0 | D:1      | robertstho the Djinni Fire Elementalist began the quest for
                  | the Orb.
     0 | D:1      | Reached XP level 1. HP: 15/15 MP: 0/0
   120 | D:1      | Found a faded altar of an unknown god.
   548 | D:1      | Reached XP level 2. HP: 15/21 MP: 0/0
   888 | D:1      | Reached XP level 3. HP: 6/26 MP: 0/0
   888 | D:1      | Learned a level 1 spell: Summon Small Mammal
   893 | D:1      | Reached skill level 3 in Spellcasting
  1900 | D:1      | Reached skill level 1 in Fighting
  2252 | D:2      | Reached XP level 4. HP: 22/32 MP: 0/0
  2486 | D:2      | Reached skill level 1 in Armour
  3690 | D:3      | Reached XP level 5. HP: 36/38 MP: 0/0
  3690 | D:3      | Learned a level 2 spell: Slow
  3694 | D:3      | Found a shadowy altar of Dithmenos.
  4064 | D:3      | Found a burning altar of Makhleb.
  4430 | D:4      | Noticed an ogre
  4436 | D:4      | Slain by an ogre

Illustrated notes

Levels and vault maps discovered:
D:1:      dpeg_arrival_pond, layout_basic, ebering_ecumenical_altar_box,
          roderic_serpentine_path, chequers_serial_rivers_small_b,
          chequers_avenue, minivault_26, chequers_serial_rivers_micro_a,
          minmay_misc_feat_x, minmay_nonomino_d4
D:2:      layout_rooms, wad_orctagon
D:3:      cheibrodos_greedy_goblins, layout_basic,
          mainiacjoe_overflow_boulevard,
          nicolae_dithmenos_through_a_glass_darkly
D:4:      layout_basic, mainiacjoe_overflow_cross_hatched, serial_shops, shop,
          grunt_ministairs_6, uniq_ijyb

Skill      XL: |  1  2  3  4  5 |
---------------+----------------+-----
Spellcasting   | 3 |  3.4
Fighting       | 1 2 |  2.0
Armour         | 1 |  1.3
Short Blades   | |  0.5
Dodging        | |  2.3
Stealth        | |  1.8

Action                   |  1- 3 |  4- 6 || total
-------------------------+-------+-------++-------
Melee: Unarmed           |     2 |       ||     2
       Dagger            |       |    12 ||    12
 Cast: Foxfire           |    88 |    17 ||   105
       Scorch            |     9 |    38 ||    47
       Summon Small Mamm |       |     1 ||     1
 Stab: Sleeping          |       |     1 ||     1
Armor: Robe              |     3 |       ||     3
       Leather armour    |     2 |     7 ||     9
Dodge: Dodged            |    16 |    17 ||    33

Table legend: (Time is in decaauts)
 A = Elapsed time spent in this place.
 B = Non-inter-level travel time spent in this place.
 C = Inter-level travel time spent in this place.
 D = Time resting spent in this place.
 E = Time spent auto-exploring this place.
 F = Levels seen in this place.
 G = Mean time per level.
                   A        B        C        D        E       F      G
               +--------+--------+--------+--------+--------+-----+--------+
         Total |   4434 |   4373 |     61 |    291 |   3625 |   4 | 1108.5 |
       Dungeon |   4434 |   4373 |     61 |    291 |   3625 |   4 | 1108.5 |
               +--------+--------+--------+--------+--------+-----+--------+

Top non-repeatable levels by time:
     D:1: 1999 daAuts
     D:3: 1251 daAuts
     D:2: 1175 daAuts
     D:4: 8 daAuts
